 Dungeon Crawl Stone Soup version 0.22.0-49-gab54619674 (webtiles) character file.

825 JedernureinKreuz the Conjurer (level 7, -1/51 HPs)
             Began as a Gnoll Conjurer on Sept 8, 2018.
             Was a Follower of Vehumet.
             Slain by surkee123's ghost (15 damage)
             ... on level 5 of the Dungeon.
             The game lasted 00:31:57 (5219 turns).

JedernureinKreuz the Conjurer (Gnoll Conjurer)      Turns: 5219, Time: 00:31:57

Health: -1/51      AC:  6    Str: 10    XL:     7   Next: 96%
Magic:  10/15      EV: 13    Int: 20    God:    Vehumet [*.....]
Gold:   270        SH:  5    Dex: 15    Spells: 8/17 levels left

rFire    + . .     SeeInvis .   a - +4 dagger (venom)
rCold    . . .     Gourm    +   H - +0 buckler
rNeg     . . .     Faith    .   x - +1 ring mail {rF+}
rPois    .         Spirit   .   (no helmet)
rElec    .         Reflect  .   (no cloak)
rCorr    .         Harm     .   (no gloves)
MR       .....                  (no boots)
Stlth    ++........             J - amulet of the gourmand
HPRegen  0.17/turn              (no ring)
MPRegen  0.14/turn              (no ring)

@: no status effects
A: distributed training, fangs 1, strong nose
a: Renounce Religion


You were on level 5 of the Dungeon.
You worshipped Vehumet.
Vehumet was aware of your devotion.
You were not hungry.

You visited 2 branches of the dungeon, and saw 6 of its levels.
You also visited: Sewer.

You collected 270 gold pieces.

Inventory:

Hand Weapons
 a - a +4 dagger of venom (weapon)
 b - a +0 club
 e - a +0 short sword
 h - a +1 dagger of speed
Missiles
 l - 214 stones (quivered)
 m - 71 arrows
 D - 19 sling bullets
Armour
 x - a +1 ring mail of fire resistance (worn)
 y - a +0 robe
 H - a +0 buckler (worn)
Magical Staves
 E - an uncursed staff of power {unknown}
Jewellery
 J - an amulet of the gourmand (around neck)
Wands
 s - a wand of paralysis (12)
 B - a wand of iceblast (7)
Scrolls
 d - 2 scrolls of identify
 i - 5 scrolls of teleportation
 n - 3 scrolls of enchant weapon
 z - a scroll of remove curse
Potions
 f - 2 potions of agility {unknown}
 j - 5 potions of haste {unknown}
 o - 3 potions of heal wounds {unknown}
 p - 2 potions of mutation {unknown}
 q - 2 potions of degeneration {unknown}
 r - 3 potions of might {unknown}
 t - 4 potions of curing
 u - 2 potions of flight {unknown}
 G - a potion of invisibility {unknown}
 I - a potion of ambrosia {unknown}
Comestibles
 c - 11 rations


   Skills:
 + Level 2.7 Fighting
 + Level 2.7 Short Blades
 + Level 2.7 Long Blades
 + Level 2.7 Axes
 + Level 2.7 Maces & Flails
 + Level 2.7 Polearms
 + Level 2.7 Staves
 + Level 2.7 Slings
 + Level 2.7 Bows
 + Level 2.7 Crossbows
 + Level 2.7 Throwing
 + Level 2.7 Armour
 + Level 5.4 Dodging
 + Level 5.0 Stealth
 + Level 2.7 Shields
 + Level 2.7 Unarmed Combat
 + Level 5.7 Spellcasting
 + Level 7.5 Conjurations
 + Level 2.2 Hexes
 + Level 2.2 Charms
 + Level 2.2 Summonings
 + Level 2.2 Necromancy
 + Level 2.2 Translocations
 + Level 2.2 Transmutations
 + Level 2.2 Fire Magic
 + Level 2.2 Ice Magic
 + Level 2.2 Air Magic
 + Level 2.2 Earth Magic
 + Level 2.2 Poison Magic
 + Level 3.0 Invocations
 + Level 2.7 Evocations


You had 8 spell levels left.
You knew the following spells:

 Your Spells              Type           Power        Failure   Level  Hunger
a - Magic Dart            Conj           ####         1%          1    None
b - Iskenderun's Mystic   Conj           #####...     14%         4    ####...
c - Dazzling Spray        Conj/Hex       ####..       12%         3    ##.....
d - Sandblast             Erth           ##....       12%         1    None

Your spell library contained the following spells:

 Spells                   Type           Power        Failure   Level  Hunger
 Searing Ray              Conj           #####.       2%          2    None
 Force Lance              Conj/Tloc      ####....     38%         4    ####...
 Fulminant Prism          Conj/Hex       ####......   38%         4    ####...


Dungeon Overview and Level Annotations

Branches:
Dungeon (5/15)             Temple (1/1) D:4

Altars:
Ashenzari
Cheibriados
Elyvilon
Fedhas
Gozag
Hepliaklqana
Kikubaaqudgha
Makhleb
Okawaru
Sif Muna
Trog
Uskayaw
Vehumet
Wu Jian
Xom
Zin
The Shining One

Annotations:
D:5 surkee123's ghost, novice OpFi


Innate Abilities, Weirdness & Mutations

Your experience applies equally to all skills.
You have very sharp teeth.
Your uncanny sense of smell can sniff out nearby items.


Message History

a - a +4 dagger of venom (weapon)
Surkee123's ghost hits you.
You puncture surkee123's ghost!
Surkee123's ghost is heavily damaged.
Surkee123's ghost hits you.
You hit surkee123's ghost but do no damage.
Your bite misses surkee123's ghost.
Surkee123's ghost is heavily damaged.
You hit surkee123's ghost.
Surkee123's ghost is severely damaged.
Surkee123's ghost hits you.
You hit surkee123's ghost.
Surkee123's ghost is severely damaged.
Surkee123's ghost hits you.
You are electrocuted!
* * * LOW HITPOINT WARNING * * *
You hit surkee123's ghost.
Surkee123's ghost is almost destroyed.
Surkee123's ghost hits you but does no damage.
You are electrocuted!
You die...

######## *### #......#
####..## #......#
#.#≈≈#$# #......#
##)#.⌠..## ##......#
#.@W...%.# #....[..#
#..'§#§§## ......).#
#..#.§.§≈# ...####.#
##..#.§§###
.####...######...#≈##.#
###.....§§..)..########
#.....########## #..#
#.....## #.## ###
###....## ##.# ###.#


You could see surkee123's ghost.

Vanquished Creatures
  2 ogres
  A big kobold (Sewer)
  2 crimson imps (D:5)
  A hound (D:4)
  A jelly (D:4)
  An orc priest (D:4)
  Jessica (D:3)
  2 iguanas
  3 orc wizards
  2 worker ants
  A hound skeleton (D:4)
  3 adders
  4 gnolls (D:5)
  A howler monkey skeleton (D:4)
  A river rat (D:3)
  5 oozes
  2 adder zombies (D:5)
  An adder skeleton (D:5)
  2 worms
  3 dart slugs
  2 leopard geckos
  6 orcs
  A ball python (D:5)
  5 bats
  3 giant cockroaches
  10 goblins
  3 hobgoblins (D:1)
  12 jackals
  A quokka (D:2)
  7 frilled lizards
  14 kobolds
  A quokka skeleton (D:5)
  10 rats
114 creatures vanquished.

Vanquished Creatures (others)
  10 toadstools (D:3)
10 creatures vanquished.

Grand Total: 124 creatures vanquished

Notes
Turn   | Place    | Note
-------+----------+-------------------------------------------
     0 | D:1      | JedernureinKreuz the Gnoll Conjurer began the quest for the
                  | Orb.
     0 | D:1      | Reached XP level 1. HP: 13/13 MP: 6/6
   157 | D:1      | Reached XP level 2. HP: 19/19 MP: 0/7
   381 | D:1      | Reached XP level 3. HP: 25/25 MP: 2/9
   398 | D:1      | Reached skill level 5 in Spellcasting
   804 | D:1      | Reached skill level 1 in Invocations
   995 | D:2      | Reached skill level 1 in Fighting
   995 | D:2      | Reached skill level 1 in Short Blades
   995 | D:2      | Reached skill level 1 in Long Blades
   995 | D:2      | Reached skill level 1 in Axes
   995 | D:2      | Reached skill level 1 in Maces & Flails
   995 | D:2      | Reached skill level 1 in Polearms
   995 | D:2      | Reached skill level 1 in Staves
   995 | D:2      | Reached skill level 1 in Slings
   995 | D:2      | Reached skill level 1 in Bows
   995 | D:2      | Reached skill level 1 in Crossbows
   995 | D:2      | Reached skill level 1 in Throwing
   995 | D:2      | Reached skill level 1 in Armour
   995 | D:2      | Reached skill level 1 in Shields
   995 | D:2      | Reached skill level 1 in Unarmed Combat
   995 | D:2      | Reached skill level 1 in Evocations
  1095 | D:2      | Reached XP level 4. HP: 24/32 MP: 3/11
  1195 | D:2      | Found a glowing golden altar of the Shining One.
  1607 | D:3      | Found a glowing drain.
  1661 | Sewer    | Entered a sewer
  1664 | Sewer    | Reached skill level 1 in Hexes
  1664 | Sewer    | Reached skill level 1 in Charms
  1664 | Sewer    | Reached skill level 1 in Summonings
  1664 | Sewer    | Reached skill level 1 in Necromancy
  1664 | Sewer    | Reached skill level 1 in Translocations
  1664 | Sewer    | Reached skill level 1 in Transmutations
  1664 | Sewer    | Reached skill level 1 in Fire Magic
  1664 | Sewer    | Reached skill level 1 in Ice Magic
  1664 | Sewer    | Reached skill level 1 in Air Magic
  1664 | Sewer    | Reached skill level 1 in Earth Magic
  1664 | Sewer    | Reached skill level 1 in Poison Magic
  1741 | Sewer    | Noticed a big kobold
  1756 | Sewer    | Killed a big kobold
  1756 | Sewer    | Reached XP level 5. HP: 35/37 MP: 4/12
  1866 | Sewer    | Learned a level 4 spell: Iskenderun's Mystic Blast
  1870 | Sewer    | Learned a level 3 spell: Dazzling Spray
  1899 | Sewer    | Found a white marble altar of Elyvilon.
  1969 | D:3      | Found a faded altar of an unknown god.
  1979 | D:3      | Noticed Jessica
  1993 | D:3      | Killed Jessica
  2282 | D:4      | Reached XP level 6. HP: 11/44 MP: 2/13
  2529 | D:4      | Reached skill level 5 in Dodging
  2953 | D:4      | Found a staircase to the Ecumenical Temple.
  2962 | Temple   | Entered the Ecumenical Temple
  3161 | Temple   | Became a worshipper of Vehumet
  3640 | D:4      | Reached XP level 7. HP: 45/50 MP: 4/15
  4117 | D:5      | Entered Level 5 of the Dungeon
  4718 | D:5      | Reached * piety under Vehumet
  4718 | D:5      | Offered knowledge of Sandblast by Vehumet.
  4826 | D:5      | Reached skill level 5 in Stealth
  5103 | D:5      | Found a large runed door.
  5104 | D:5      | Found a large runed door.
  5105 | D:5      | Noticed surkee123's ghost (novice OpFi)
  5126 | D:5      | Learned a level 1 spell: Sandblast
  5219 | D:5      | Slain by surkee123's ghost

Skill      XL: |  1  2  3  4  5  6  7 |
---------------+----------------------+-----
Spellcasting   | 5 |  5.7
Invocations    | 1 2 3 |  3.0
Fighting       | 1 2 |  2.7
Short Blades   | 1 2 |  2.7
Long Blades    | 1 2 |  2.7
Axes           | 1 2 |  2.7
Maces & Flails | 1 2 |  2.7
Polearms       | 1 2 |  2.7
Staves         | 1 2 |  2.7
Slings         | 1 2 |  2.7
Bows           | 1 2 |  2.7
Crossbows      | 1 2 |  2.7
Throwing       | 1 2 |  2.7
Armour         | 1 2 |  2.7
Shields        | 1 2 |  2.7
Unarmed Combat | 1 2 |  2.7
Evocations     | 1 2 |  2.7
Hexes          | 1 2 |  2.2
Charms         | 1 2 |  2.2
Summonings     | 1 2 |  2.2
Necromancy     | 1 2 |  2.2
Translocations | 1 2 |  2.2
Transmutations | 1 2 |  2.2
Fire Magic     | 1 2 |  2.2
Ice Magic      | 1 2 |  2.2
Air Magic      | 1 2 |  2.2
Earth Magic    | 1 2 |  2.2
Poison Magic   | 1 2 |  2.2
Dodging        | 5 |  5.4
Stealth        | 5 |  5.0
Conjurations   | |  7.5

Action                   |  1- 3 |  4- 6 |  7- 9 || total
-------------------------+-------+-------+-------++-------
Melee: Unarmed           |     1 |       |       ||     1
       Short sword       |     1 |       |       ||     1
       Dagger            |     8 |    35 |    17 ||    60
       Bite              |     2 |     3 |     3 ||     8
       Club              |       |     1 |     9 ||    10
       Punch             |       |       |     2 ||     2
 Cast: Magic Dart        |    68 |   105 |    90 ||   263
       Iskenderun's Myst |       |     8 |       ||     8
       Dazzling Spray    |       |       |     7 ||     7
  Use: Scroll            |       |       |    10 ||    10
 Stab: Invisible         |       |       |     1 ||     1
       Sleeping          |       |       |     1 ||     1
  Eat: Chunk             |       |     3 |     1 ||     4
       Ration            |       |     2 |     1 ||     3
Armor: Robe              |     1 |     4 |     2 ||     7
       Ring mail         |       |       |     1 ||     1
Dodge: Dodged            |    12 |    53 |    19 ||    84
Block: Buckler           |       |       |     4 ||     4
